Map: 포트 알렉산더 - 래더

Players

Cure

  • Race: Terran Terran
  • Spawn Location: 11:00

GuMiho - Winner!

  • Race: Terran Terran
  • League: Grandmaster
  • Spawn Location: 5:00

Event: IEM Season 13 - Katowice Server Qualifiers Asia 1

VOD

Have the link to the VOD?

Description

Time

  • Played on: Jan. 14, 2019, 5:56 a.m.
  • Length: 9:02

All games in this series

Show
View Real Time Build Order
Export as new Build Order

Cure Terran 

Build Orders: Gas First Reaper Expand 

Get SALT Encoding   

  12  0:00  SCV  
  13  0:12  SCV  
  14  0:17  Supply Depot  
  14  0:24  SCV  
  15  0:28  Refinery  
  15  0:39  SCV  
  16  0:45  Barracks  
  16  0:51  SCV  
  17  1:03  SCV  
  18  1:15  SCV  
  19  1:31  Orbital Command  
  19  1:32  Reaper  
  20  1:46  Command Center  
  20  1:57  SCV  
  21  2:02  Factory  
  21  2:06  Barracks Reactor  
  21  2:09  SCV  
  22  2:16  Supply Depot  
  22  2:21  SCV  
  23  2:26  Refinery  
  23  2:33  SCV  
  23  2:45  SCV  
  23  2:47  Starport  
  24  2:51  Hellion  
  24  2:52  Hellion  
  24  2:57  SCV  
  29  2:59  Orbital Command  
  29  3:02  Barracks Tech Lab  
  29  3:10  SCV  
  30  3:17  Hellion  
  30  3:18  Hellion  
  34  3:23  SCV  
  34  3:24  Medivac  
  34  3:27  SCV  
  38  3:35  SCV  
  38  3:40  Supply Depot  
  39  3:43  Marine x2  
  39  3:45  SCV  
  39  3:47  SCV  
  43  3:48  Factory Tech Lab  
  43  3:57  SCV  
  43  3:59  SCV, Supply Depot  
  43  4:01  Marine x2  
  47  4:05  Refinery  
  47  4:08  Raven  
  49  4:10  SCV  
  49  4:11  SCV, Cyclone  
  49  4:16  Supply Depot  
  54  4:21  Marine  
  54  4:22  Marine, SCV  
  55  4:33  SCV  
  55  4:35  SCV  
  54  4:43  Siege Tank  
  54  4:45  SCV  
  58  4:47  SCV  
  59  4:54  Barracks  
  59  4:56  Barracks  
  59  4:57  Starport Reactor, SCV  
  59  4:58  Marine  
  59  4:59  Refinery, SCV, Supply Depot  
  62  5:00  Stimpack  
  62  5:09  SCV  
  62  5:11  SCV  
  62  5:13  Engineering Bay  
  64  5:16  Marine, Siege Tank  
  64  5:19  Engineering Bay  
  68  5:23  SCV x2, Supply Depot  
  70  5:34  Marine  
  70  5:35  SCV x2  
  72  5:39  Starport Reactor  
  72  5:42  Marine x2, Terran Infantry Weapons Level 1  
  74  5:46  Terran Infantry Armor Level 1  
  74  5:47  SCV x2  
  74  5:49  Supply Depot x2  
  77  5:51  Siege Tank  
  77  5:52  Marine  
  77  5:54  Marine  
  77  5:55  Marine  
  83  6:04  Marine x2  
  85  6:12  Marine x2, Supply Depot x2  
  85  6:13  Marine  
  85  6:18  Medivac  
  90  6:20  Medivac  
  90  6:21  Marine  
  90  6:22  Marine  
  90  6:23  Siege Tank  
  97  6:30  Marine x3  
  100  6:39  Marine x2  
  100  6:49  Command Center, Supply Depot  
  100  6:51  Marine x2, Supply Depot  
  100  6:53  Marine  
  103  6:58  Siege Tank  
  103  7:00  Combat Shield  
  106  7:02  Medivac  
  106  7:05  Medivac  
  110  7:11  Marine x5  
  115  7:18  Supply Depot  
  115  7:29  Armory  
  115  7:30  Marine x5  
  92  7:48  Marine x5  
  89  7:51  Siege Tank  
  89  7:52  Medivac  
  96  8:02  SCV x2  
  97  8:05  Marine x2  
  97  8:06  Marine x2, Orbital Command  
  97  8:10  Marine  
  100  8:16  Barracks  
  100  8:20  Barracks  
  100  8:23  Marine x4  
  100  8:26  Siege Tank  
  107  8:28  Marine  
  107  8:29  Medivac  
  107  8:31  Medivac  
  98  8:41  Marine x4  
Show
View Real Time Build Order
Export as new Build Order

GuMiho Terran - Winner!

Build Orders: Reaper Expand 

Get SALT Encoding   

  12  0:00  SCV  
  13  0:12  SCV  
  14  0:18  Supply Depot  
  14  0:24  SCV  
  15  0:39  SCV  
  15  0:40  Barracks  
  16  0:44  Refinery  
  16  0:51  SCV  
  17  1:03  SCV  
  18  1:15  SCV  
  19  1:27  Reaper, Orbital Command  
  20  1:42  Command Center  
  20  1:48  Supply Depot  
  20  1:53  SCV  
  21  1:59  Marine  
  22  2:05  SCV  
  23  2:09  Factory  
  23  2:16  Refinery  
  23  2:18  SCV  
  23  2:22  Bunker  
  24  2:25  Barracks Reactor  
  24  2:30  SCV  
  25  2:42  SCV  
  26  2:54  Orbital Command  
  26  2:55  Starport  
  26  2:56  SCV  
  27  2:59  Hellion  
  27  3:04  Marine x2  
  31  3:08  SCV  
  32  3:20  Factory Tech Lab, SCV x2  
  32  3:23  Marine x2  
  36  3:32  SCV  
  36  3:33  SCV  
  38  3:34  Supply Depot  
  38  3:41  Marine x2  
  38  3:43  Raven  
  38  3:46  Factory Tech Lab  
  42  3:50  SCV x2  
  44  4:02  SCV  
  44  4:03  SCV  
  44  4:07  Barracks  
  45  4:11  Marine, Stimpack  
  45  4:12  Factory Reactor  
  45  4:13  Barracks  
  45  4:15  SCV x2  
  48  4:21  Refinery  
  48  4:22  Supply Depot  
  48  4:24  Engineering Bay  
  48  4:27  SCV x2  
  48  4:29  Marine  
  48  4:39  SCV x2  
  48  4:41  Starport Reactor  
  50  4:47  Marine  
  50  4:51  Missile Turret, SCV  
  50  4:52  Terran Infantry Weapons Level 1  
  52  4:54  Command Center  
  52  4:57  SCV  
  53  5:03  SCV  
  54  5:09  Marine x2, SCV  
  54  5:10  Marine x3  
  54  5:13  Supply Depot  
  60  5:15  SCV, Supply Depot  
  61  5:28  Marine  
  62  5:29  Marine x4, Medivac x2  
  62  5:34  SCV x2  
  62  5:35  Supply Depot  
  72  5:41  Barracks  
  72  5:42  Barracks  
  72  5:46  SCV x2  
  74  5:53  Refinery, Siege Tank  
  74  5:54  Marine x2  
  74  5:55  Marine  
  74  5:56  Marine  
  81  5:58  Marine  
  81  6:03  Supply Depot  
  82  6:05  SCV x2  
  82  6:09  Orbital Command  
  84  6:12  Supply Depot  
  77  6:20  Marine x3  
  77  6:21  Marine x2  
  77  6:24  Medivac  
  84  6:27  Medivac  
  84  6:30  SCV  
  84  6:31  SCV  
  88  6:34  Barracks Reactor x2  
  88  6:37  Combat Shield  
  86  6:41  Siege Tank  
  86  6:45  Marine x3  
  92  6:47  Orbital Command  
  92  6:48  Terran Infantry Armor Level 1  
  92  6:50  Marine  
  92  6:51  Marine  
  94  6:54  SCV  
  94  6:55  SCV  
  96  7:04  Medivac x2  
  96  7:06  Marine  
  101  7:10  Marine x2  
  101  7:11  Marine x4  
  101  7:12  Marine  
  108  7:16  Marine  
  108  7:21  Supply Depot  
  109  7:23  Supply Depot  
  109  7:25  Marine  
  109  7:28  Marine x2  
  112  7:30  Marine x4  
  112  7:34  Marine x2  
  108  7:41  SCV  
  108  7:43  Marine, SCV  
  107  7:46  Marine x2  
  107  7:47  Marine  
  107  7:48  Marine x3  
  109  7:52  Marine x2, SCV  
  109  7:53  SCV  
  109  7:55  SCV  
  109  7:57  Siege Tank  
  117  7:59  Medivac  
  117  8:00  Marine  
  117  8:01  Medivac  
  117  8:04  Marine  
  117  8:05  SCV x2  
  124  8:06  Supply Depot  
  124  8:08  Supply Depot  
  124  8:11  Marine x2  
  124  8:12  Marine x3  
  128  8:13  Marine  
  128  8:15  Marine  
  131  8:20  Marine, Armory, Engineering Bay  
  131  8:21  Marine  
  131  8:24  SCV  
  131  8:25  SCV x2  
  136  8:29  Marine x2  
  136  8:30  Marine x3  
  136  8:34  Marine x2  
  143  8:38  Marine  
  143  8:39  Marine  

Tags
 
Add a new tag
Caveats
  • Supply blocks, unpowered buildings, or Contaminate may cause inaccurate times.
  • Supply counts are checked every 10 seconds.